 Dungeon Crawl Stone Soup version 0.24-a0-201-gf205589 (console) character file.

Game seed: 11608120494560387435

331 Duffy the Cleaver (level 6, -3/50 HPs)
             Began as a Minotaur Gladiator on Mar 22, 2019.
             Slain by an orc
             ... wielding a +0 hand axe
              (5 damage)
             ... on level 3 of the Dungeon.
             The game lasted 00:01:40 (2189 turns).

Duffy the Cleaver (Minotaur Gladiator)              Turns: 2189, Time: 00:01:40

Health: -3/50      AC:  0    Str: 21    XL:     6   Next: 26%
Magic:  5/5        EV: 21    Int:  5    God:
Gold:   42         SH:  0    Dex: 16    Spells: 5/5 levels left

rFire    . . .     SeeInvis .   (weapon currently unavailable)
rCold    . . .     Gourm    .   (shield currently unavailable)
rNeg     . . .     Faith    .   (armour currently unavailable)
rPois    .         Spirit   .   (helmet currently unavailable)
rElec    .         Reflect  .   (cloak currently unavailable)
rCorr    .         Harm     .   (gloves currently unavailable)
MR       .....                  (boots currently unavailable)
Stlth    +.........             (no amulet)
HPRegen  0.16/turn              (ring currently unavailable)
MPRegen  0.09/turn              (ring currently unavailable)

@: bat-form, flying, slowed, quick
A: tiny, (retaliatory headbutt)
a: no special abilities


You were on level 3 of the Dungeon.
You were not hungry.
You were in bat-form.
You visited 1 branch of the dungeon, and saw 3 of its levels.

You collected 42 gold pieces.

Inventory:

Hand Weapons
 a - a +0 war axe (melded)
Missiles
 d - 3 throwing nets (quivered)
Armour
 c - a +0 hat (melded)
 g - a cursed +0 scale mail (melded)
Scrolls
 e - a scroll of blinking {unknown}
 h - 5 scrolls of teleportation {unknown}
 i - 4 scrolls of remove curse {unknown}
 k - 4 scrolls of identify {unknown}
 l - a scroll of enchant weapon {unknown}
Potions
 j - a potion of curing {unknown}
 m - a potion of lignification {unknown}
Comestibles
 b - 2 chunks of flesh
 f - 6 rations


   Skills:
 - Level 2.4 Fighting
 + Level 8.6 Axes
 - Level 2.0 Throwing
 - Level 3.2 Dodging


You had 5 spell levels left.
You didn't know any spells.
Your spell library was empty.

Dungeon Overview and Level Annotations

Branches:
Dungeon (3/15)

Altars:

Annotations:
D:1 Dig
D:3 Natasha


Innate Abilities, Weirdness & Mutations

((You reflexively headbutt those who attack you in melee.))
((You have a pair of horns on your head.))


Message History

You feel disoriented. Natasha claws you. The orc completely misses you.
The white imp gestures at you. The puff of frost misses you.
The orc wizard closely misses you.
You hit Natasha.
Natasha is lightly wounded.
The orc wizard hits you but does no damage.
Natasha closely misses you. The orc misses you. The white imp hits you.
The white imp freezes you.
The orc wizard points at you and mumbles some strange words.
The magic dart hits you!
Okay, then.
You hit Natasha but do no damage.
Natasha is lightly wounded.
Natasha completely misses you.
The orc wizard gestures wildly while chanting.
The orc wizard blinks!
The white imp gestures at you. The puff of frost misses you.
The orc hits you with a +0 hand axe.
You die...

#.# ##)##
##.).##
##)))..##
##......>##
#.o.!.....#
+.........+
#....%....#
##...b0..##
##.5ho.##
##...##
##'## #.#
#.# #.# ...


You could see an orc wizard, Natasha, a white imp and an orc.

Vanquished Creatures
  Grinder (D:3)
  Natasha (D:3)
  Robin (D:3)
  An adder (D:2)
  2 oozes (D:1)
  2 worms
  A dart slug (D:2)
  7 orcs (D:3)
  2 ball pythons
  2 giant cockroaches (D:1)
  14 goblins
  10 hobgoblins
  8 jackals
  3 kobolds
  8 bats
  6 frilled lizards
  11 rats
80 creatures vanquished.

Notes
Turn   | Place    | Note
-------+----------+-------------------------------------------
     0 | D:1      | Duffy the Minotaur Gladiator began the quest for the Orb.
     0 | D:1      | Reached XP level 1. HP: 18/18 MP: 0/0
    78 | D:1      | Reached skill level 4 in Axes
    78 | D:1      | Reached XP level 2. HP: 20/25 MP: 1/1
   367 | D:1      | Reached skill level 5 in Axes
   449 | D:1      | Reached XP level 3. HP: 29/30 MP: 2/2
  1392 | D:2      | Reached skill level 6 in Axes
  1392 | D:2      | Reached XP level 4. HP: 37/37 MP: 3/3
  1728 | D:3      | Noticed Grinder
  1744 | D:3      | Paralysed by Grinder for 3 turns
  1748 | D:3      | Killed Grinder
  1748 | D:3      | Reached skill level 8 in Axes
  1748 | D:3      | Reached XP level 5. HP: 2/42 MP: 4/4
  2046 | D:3      | Noticed Natasha
  2051 | D:3      | Killed Natasha
  2051 | D:3      | Reached XP level 6. HP: 47/50 MP: 5/5
  2151 | D:3      | Noticed Robin
  2163 | D:3      | Killed Robin
  2177 | D:3      | Noticed Natasha
  2188 | D:3      | HP: 2/50 [orc wizard/magic dart (10)]
  2189 | D:3      | Slain by an orc

Levels and vault maps discovered:
D:1:      erik_arrival_gehennom, layout_rooms, serial_glass, glass_columns_a,
          glass_columns_a, due_unseen_surprise, hangedman_decor_lopped
D:2:      layout_basic
D:3:      layout_loops_corners, hex_tiny, uniq_robin, uniq_grinder,
          uniq_jessica, uniq_natasha

Skill      XL: |  1  2  3  4 |
---------------+-------------+-----
Axes           | 4 5 6 8 |  8.6
Fighting       | |  2.4
Throwing       | |  2.0
Dodging        | |  3.2

Action                   |  1- 3 |  4- 6 || total
-------------------------+-------+-------++-------
Melee: War axe           |    86 |    56 ||   142
       Headbutt          |     7 |    10 ||    17
       Unarmed           |       |     6 ||     6
  Eat: Chunk             |     2 |     2 ||     4
Armor: Leather armour    |    16 |       ||    16
       Scale mail        |    16 |    19 ||    35
Dodge: Dodged            |    68 |    65 ||   133

Table legend:
 A = Non-vault XP
 B = Vault XP
 C = Vault XP percentage of total XP
 D = Non-vault monster count
 E = Vault monster count
 F = Vault count percentage of total count
                 A         B        C        D         E       F
            +---------+---------+-------+---------+---------+-------
      Total |     124 |     349 |  73.8 |      60 |      20 |  25.0
            +---------+---------+-------+---------+---------+-------
        D:1 |      46 |      19 |  29.2 |      29 |       5 |  14.7
        D:2 |      44 |       0 |   0.0 |      19 |       0 |   0.0
        D:3 |      34 |     330 |  90.7 |      12 |      15 |  55.6
            +---------+---------+-------+---------+---------+-------
